 Dungeon Crawl Stone Soup version 0.29-a0-380-gf50f0a9fbc (webtiles) character file.

Game seed: 3778600892643472094

62 Hubjo the Firebug (level 3, 0/21 HPs)
             Began as a Deep Elf Fire Elementalist on May 5, 2022.
             Was a Follower of Kikubaaqudgha.
             Slain by a frilled lizard (3 damage)
             ... on level 2 of the Dungeon.
             The game lasted 00:01:35 (1743 turns).

Hubjo the Firebug (Deep Elf Fire Elementalist)      Turns: 1743, Time: 00:01:35

Health: 0/21       AC:  2    Str:  5    XL:     3   Next: 85%
Magic:  10/10      EV: 13    Int: 19    God:    Kikubaaqudgha [*.....]
Gold:   119        SH:  0    Dex: 17    Spells: 8/9 levels left

rFire   . . .      SeeInvis .   f - +2 whip (elec)
rCold   . . .      Faith    .   (no shield)
rNeg    . . .      Spirit   .   a - +0 robe
rPois   .          Reflect  .   (no helmet)
rElec   .          Harm     .   (no cloak)
rCorr   .          Rampage  .   (no gloves)
Will    .....                   (no boots)
Stlth   ++........              (no amulet)
HPRegen 0.07/turn               (no ring)
MPRegen 0.12/turn               (no ring)

@: no status effects
A: no striking features
a: Renounce Religion, Receive Corpses


You were on level 2 of the Dungeon.
You worshipped Kikubaaqudgha.
Kikubaaqudgha was aware of your devotion.
You visited 1 branch of the dungeon, and saw 2 of its levels.

You collected 119 gold pieces.

Inventory:

Hand Weapons
 f - a +2 whip of electrocution (weapon)
Armour
 a - a +0 robe (worn)
Scrolls
 c - a scroll of teleportation
 e - a scroll of fear {unknown}
 g - a scroll of identify
Potions
 b - 3 potions of magic
 d - 2 potions of heal wounds


   Skills:
 * Level 1.6 Fighting
 - Level 2.4 Dodging
 + Level 3.2 Stealth
 + Level 3.7 Spellcasting
 - Level 1.1 Conjurations
 + Level 3.8 Fire Magic


You had 8 spell levels left.
You knew the following spells:

 Your Spells              Type           Power      Damage    Failure   Level
a - Foxfire               Conj/Fire      48%        2x1d6     5%          1

Your spell library contained the following spells:

 Spells                   Type           Power      Damage    Failure   Level
 Scorch                   Fire           34%        2d7       4%          2
 Animate Skeleton         Necr           6%         N/A       14%         1
 Pain                     Necr           12%        1d4       14%         1
 Conjure Flame            Conj/Fire      12%        6-21      16%         3
 Inner Flame              Hex/Fire       10%        N/A       21%         3
 Corpse Rot               Necr/Air       6%         N/A       22%         2
 Sublimation of Blood     Necr           3%         N/A       22%         2
 Flame Wave               Conj/Fire      12%        2d6       45%         4


Dungeon Overview and Level Annotations

Branches:
Dungeon (2/15)

Altars:
Kikubaaqudgha

Annotations:
D:2 1 runed translucent door, Crazy Yiuf


Message History

The frilled lizard bites you. The frilled lizard misses you.
The frilled lizard closely misses you. The frilled lizard barely misses you.
The frilled lizard bites you. The frilled lizard barely misses you.
The frilled lizard bites you. The frilled lizard closely misses you.
The frilled lizard barely misses you. The frilled lizard closely misses you.
The frilled lizard bites you but does no damage.
The frilled lizard barely misses you. The frilled lizard closely misses you.
The frilled lizard misses you. The frilled lizard misses you.
The frilled lizard closely misses you. The frilled lizard barely misses you.
The frilled lizard completely misses you.
The frilled lizard bites you. The frilled lizard closely misses you.
The frilled lizard bites you.
* * * LOW HITPOINT WARNING * * *
The frilled lizard closely misses you. The frilled lizard misses you.
The frilled lizard bites you but does no damage.
The frilled lizard bites you but does no damage.
The frilled lizard closely misses you. The frilled lizard closely misses you.
The frilled lizard barely misses you.
The frilled lizard bites you but does no damage.
The frilled lizard barely misses you. The frilled lizard bites you.
* * * LOW HITPOINT WARNING * * *
The frilled lizard bites you.
* * * LOW HITPOINT WARNING * * *
The frilled lizard closely misses you.
The frilled lizard bites you but does no damage.
The frilled lizard bites you.
You die...
Kikubaaqudgha rasps: "You have failed me!
Welcome... death!"

##....####...>..###....#......#
...... .......................
..#....................
.##.....................
........#######.........
.......## #......... ##..##..#
##...†....
.....##(########........
......l@......######....
.....##.#####..##....... ...
#.# #.............
..#####.###.###.........
.........##.###.........
###..........##.........
##...P.P....##........
#.....♣.....##...#...
##..♣P♣......########


You could see a frilled lizard.

Vanquished Creatures
  Jessica (D:2)
  An adder (D:2)
  3 endoplasms
  2 giant cockroaches (D:1)
  4 goblins (D:1)
  4 hobgoblins
  A kobold (D:2)
  3 quokkas (D:1)
  A ball python (D:1)
  A bat (D:1)
  2 rats (D:1)
23 creatures vanquished.

Vanquished Creatures (others)
  97 foxfires
97 creatures vanquished.

Grand Total: 120 creatures vanquished

Notes
Turn   | Place    | Note
-------+----------+-------------------------------------------
     0 | D:1      | Hubjo the Deep Elf Fire Elementalist began the quest for
                  | the Orb.
     0 | D:1      | Reached XP level 1. HP: 10/10 MP: 6/6
   292 | D:1      | Reached XP level 2. HP: 16/16 MP: 4/8
   776 | D:1      | Reached skill level 1 in Fighting
  1262 | D:2      | Noticed Jessica
  1267 | D:2      | Killed Jessica
  1268 | D:2      | Reached XP level 3. HP: 12/20 MP: 6/10
  1570 | D:2      | Found a faded altar of an unknown god.
  1581 | D:2      | Prayed at the altar of an unknown god.
  1581 | D:2      | Became a worshipper of Kikubaaqudgha
  1581 | D:2      | Reached * piety under Kikubaaqudgha
  1581 | D:2      | Received a gift from Kikubaaqudgha
  1616 | D:2      | Found a runed translucent door.
  1617 | D:2      | Noticed Crazy Yiuf
  1743 | D:2      | Slain by a frilled lizard

Illustrated notes

Levels and vault maps discovered:
D:1:      onia_arrival_pyramid, layout_loops_cross, minmay_misc_feat_roman,
          minmay_tiny_reverse_x
D:2:      layout_rooms, dreamdust_ecumenical_altar_grove, uniq_jessica,
          uniq_crazy_yiuf_cottage

Skill      XL: |  1  2 |
---------------+-------+-----
Fighting       | 1 |  1.6
Stealth        | 3 |  3.2
Dodging        | |  2.4
Spellcasting   | |  3.7
Conjurations   | |  1.1
Fire Magic     | |  3.8

Action                   || total
-------------------------++-------
Melee: Unarmed           ||     3
       Whip              ||    10
 Cast: Foxfire           ||    67
  Use: Scroll            ||     2
Armor: Robe              ||    14
Dodge: Dodged            ||    63

Table legend: (Time is in decaauts)
 A = Elapsed time spent in this place.
 B = Non-inter-level travel time spent in this place.
 C = Inter-level travel time spent in this place.
 D = Time resting spent in this place.
 E = Time spent auto-exploring this place.
 F = Levels seen in this place.
 G = Mean time per level.
                   A        B        C        D        E       F      G
               +--------+--------+--------+--------+--------+-----+--------+
         Total |   1743 |   1713 |     30 |      0 |   1454 |   2 |  871.5 |
       Dungeon |   1743 |   1713 |     30 |      0 |   1454 |   2 |  871.5 |
               +--------+--------+--------+--------+--------+-----+--------+

Top non-repeatable levels by time:
     D:1: 1187 daAuts
     D:2: 556 daAuts
